 Dungeon Crawl Stone Soup version 0.26-a0-712-ga5a9c9c9d0 (webtiles) character file.

Game seed: 7740010586877782855

2 gbos the Magician (level 1, 0/15 HPs)
             Began as a Naga Wanderer on Nov 13, 2020.
             Slain by a giant cockroach (2 damage)
             ... on level 1 of the Dungeon.
             The game lasted 00:00:49 (75 turns).

gbos the Magician (Naga Wanderer)                     Turns: 75, Time: 00:00:49

Health: 0/15       AC:  1    Str: 16    XL:     1   Next: 30%
Magic:  1/5        EV:  9    Int: 14    God:
Gold:   0          SH:  0    Dex:  6    Spells: 7/8 levels left

rFire    . . .     SeeInvis +   b - +0 dagger
rCold    . . .     Faith    .   (no shield)
rNeg     . . .     Spirit   .   d - +0 robe
rPois    +         Reflect  .   (no helmet)
rElec    .         Harm     .   (no cloak)
rCorr    .         Rampage  .   (no gloves)
MR       .....                  (no barding)
Stlth    +.........             (no amulet)
HPRegen  0.05/turn              (no ring)
MPRegen  0.09/turn              (no ring)

@: very slow
A: large, see invisible, deformed body, poison resistance, slowness 2, spit
poison 1, AC +0
a: Spit Poison


You were on level 1 of the Dungeon.
You visited 1 branch of the dungeon, and saw 1 of its levels.


Innate Abilities, Weirdness & Mutations

You cannot wear boots.
Your serpentine skin is tough. (AC +0)
You have supernaturally acute eyesight. (SInv)
Armour fits poorly on your strangely shaped body.
Your system is resistant to poisons. (rPois)
You cover ground very slowly.
You can spit poison.


   Skills:
 + Level 0.1 Fighting
 - Level 1.0 Throwing
 - Level 1.5 Stealth
 - Level 4.0 Spellcasting
 * Level 0.4 Conjurations
   Level 1.0 Hexes
   Level 2.0 Translocations
   Level 1.0 Air Magic


You had 7 spell levels left.
You knew the following spells:

 Your Spells              Type           Power        Failure   Level
z - Magic Dart            Conj           #...         16%         1

Your spell library contained the following spells:

 Spells                   Type           Power        Failure   Level
 Apportation              Tloc           #.....       9%          1
 Blink                    Tloc           N/A          13%         2
 Slow                     Hex            #.......     19%         2
 Call Imp                 Summ           #.......     28%         2
 Portal Projectile        Hex/Tloc       #.....       30%         3
 Mephitic Cloud           Conj/Pois/Air  #.......     43%         3
 Conjure Flame            Conj/Fire      #.......     47%         3

Inventory:

Hand Weapons
 a - a +0 club
 b - a +0 dagger (weapon)
Armour
 d - a +0 robe (worn)
Potions
 c - a potion of lignification {!q}

Dungeon Overview and Level Annotations

Branches:
Dungeon (1/15)

Altars:

▒..≈≈8≈≈≈≈8≈≈▒
▒..≈≈≈▒▒▒▒≈≈≈▒
(.▒..≈≈≈'..▒≈≈≈▒▒▒▒
.....≈#≈'.<▒≈≈≈....
.▒..#≈≈▒▒▒▒≈≈#.▒▒ .
.....≈#8≈≈≈≈8≈≈!▒▒▒▒▒..
▒.▒▒▒≈8≈≈≈#≈≈8≈.......
▒≈≈≈≈≈≈≈≈≈≈.......
▒.......NBw...▒▒▒
...▒▒▒...▒.▒▒.▒▒
.........▒▒.▒▒.▒
▒▒▒▒▒▒▒▒▒▒▒.▒▒)▒▒▒▒▒.
▒..?.......▒
.............▒▒▒.▒
.▒▒▒▒▒...▒.▒.▒
▒>..▒.▒.▒ .........▒


You could see a dart slug and a giant cockroach.


Message History

Aim: a kobold, wielding a +0 club (moderately wounded)
You miscast Magic Dart.
You are very lightly contaminated with residual magic.
Nothing appears to happen.
* * * LOW MAGIC WARNING * * *
The kobold misses you.
Unknown command.
You hit the kobold but do no damage.
The kobold is moderately wounded.
The kobold hits you with a +0 club.
* * * LOW HITPOINT WARNING * * *
You hit the kobold.
The kobold is severely wounded.
The kobold closely misses you.
You barely miss the kobold.
The kobold is severely wounded.
The kobold hits you with a +0 club.
* * * LOW HITPOINT WARNING * * *
You hit the kobold.
You kill the kobold!
Unknown command.
You don't have enough magic to cast that spell.
The giant cockroach bites you.
* * * LOW HITPOINT WARNING * * *
The giant cockroach barely misses you.
Your magical contamination has completely faded away.
The giant cockroach barely misses you.
The giant cockroach waves its antennae.
The giant cockroach bites you.
You die...

Action                   || total
-------------------------++-------
Melee: Dagger            ||     7
       Club              ||     1
 Cast: Magic Dart        ||     8
Armor: Robe              ||     1
Dodge: Dodged            ||    11

Levels and vault maps discovered:
D:1:      lightli_arrival_boilingwater, layout_loops_ring,
          ebering_dispersal_statue_hall

Notes
Turn   | Place    | Note
-------+----------+-------------------------------------------
     0 | D:1      | gbos the Naga Wanderer began the quest for the Orb.
     0 | D:1      | gbos set off with the following items: a +0 club, a potion
                  | of lignification {!q}, a +0 robe; and the following spells
                  | available to memorise: Apportation, Blink, Magic Dart,
                  | Slow, Call Imp, Portal Projectile, Mephitic Cloud, Conjure
                  | Flame
     0 | D:1      | Reached XP level 1. HP: 15/15 MP: 5/5
     2 | D:1      | Learned a level 1 spell: Magic Dart
    69 | D:1      | HP: 3/15 [kobold/+0 club (2)]
    75 | D:1      | Slain by a giant cockroach

Vanquished Creatures
  A giant cockroach (D:1)
  A kobold (D:1)
2 creatures vanquished.
